 Dungeon Crawl Stone Soup version 0.26.1-2-gb8aa6d0cf2 (webtiles) character file.

Game seed: 16587338614840240065

5323 sking99 the Grappler (level 10, 0/79 HPs)
             Began as a Demonspawn Fighter on Feb 21, 2021.
             Was a Priest of Okawaru.
             Slain by an orc warrior
             ... wielding a +0 bardiche
              (17 damage)
             ... in a bailey.
             The game lasted 00:17:07 (10439 turns).

sking99 the Grappler (Demonspawn Fighter)          Turns: 10439, Time: 00:17:08

Health: 0/79       AC:  9    Str: 20    XL:     10   Next: 38%
Magic:  13/13      EV:  6    Int: 10    God:    Okawaru [***...]
Gold:   877        SH: 10    Dex: 12    Spells: 9/9 levels left

rFire    . . .     SeeInvis .     - Unarmed
rCold    + . .     Faith    .   c - +0 kite shield
rNeg     + . .     Spirit   .   u - +0 chain mail
rPois    .         Reflect  .   (no helmet)
rElec    .         Harm     .   (no cloak)
rCorr    .         Rampage  .   (no gloves)
Will     +....                  (no boots)
Stlth    ..........             x - amulet of regeneration
HPRegen  0.63/turn              v - ring of willpower
MPRegen  0.13/turn              j - ring of positive energy

@: mighty
A: claws 2, talons 2, cold resistance 1, spiny 1, freezing cloud immunity
a: Renounce Religion, Heroism


You were in a bailey.
You worshipped Okawaru.
Okawaru was most pleased with you.
You visited 1 branch of the dungeon, and saw 9 of its levels.
You also visited: Sewer and Bailey.

You collected 877 gold pieces.

Inventory:

Armour
 c - a +0 kite shield (worn)
 r - a +0 helmet
 u - a +0 chain mail (worn)
Jewellery
 j - a ring of positive energy (right claw)
 v - a ring of willpower (left claw)
 x - an amulet of regeneration (around neck)
Wands
 b - a wand of flame (19)
 i - a wand of paralysis (20)
 m - a wand of disintegration (8)
 q - a wand of acid (6)
Scrolls
 a - 4 scrolls of remove curse
 e - 7 scrolls of identify
 k - 3 scrolls of teleportation
 p - a scroll of fog
 s - 2 scrolls of amnesia
 y - a scroll of torment
Potions
 d - a potion of might
 f - 2 potions of attraction
 g - a potion of mutation
 h - 3 potions of curing
 l - a potion of resistance
 o - 2 potions of haste


   Skills:
 + Level 7.0 Fighting
 - Level 3.5 Axes
 + Level 4.8 Armour
 + Level 7.0 Shields
 * Level 8.6 Unarmed Combat
 - Level 5.0 Invocations
 + Level 3.7 Evocations


You had 9 spell levels left.
You didn't know any spells.
Your spell library was empty.

Dungeon Overview and Level Annotations

Branches:
Dungeon (9/15)             Temple (0/1) D:6           Sewer (visited)
 Bailey (1/1)
   Lair: D:8-11         Orc: D:9-12

Altars:
Okawaru
Qazlal
Ru
Sif Muna

Shops:
D:6 }

Annotations:
D:3 1 runed translucent door, antidepressant22's ghost, weakling MiBe
D:6 Blork the orc


Innate Abilities, Weirdness & Mutations

You have very sharp fingernails.
You have razor-sharp toenails.
Your flesh is cold resistant. (rC+)
You are partially covered in sharp spines.
You are immune to freezing clouds.


Message History

You feel much better. You block the orc warrior's attack.
You feel much better.
You feel very mighty all of a sudden.
The orc warrior hits you from afar with a +0 glaive.
The orc warrior hits you from afar with a +0 glaive!!
* * * LOW HITPOINT WARNING * * *
You barely miss the orc warrior. You claw the orc warrior.
You kill the orc warrior!
Okawaru accepts your kill.
You feel like a meek peon again. You block the orc warrior's attack.
The orc warrior hits you from afar with a +0 glaive!
* * * LOW HITPOINT WARNING * * *
Your Shields skill increases to level 7!
Things that are here:
a +0 trident; a +0 chain mail You see here a cursed -3 halberd.
There is an empty arch of ancient stone, spattered with blood here.
The orc warrior hits you from afar with a +0 bardiche!
You die...

#######
##..∩..##
#..@.)..#
#∩.).))∩#
#..)oo).#
#...))..#
#...o...#
#..o....#
#...o...#
#....o..#
#.......#


You could see 2 orc warriors and 4 orcs.

Vanquished Creatures
  A two-headed ogre (D:8)
  Psyche (D:8)
  A gargoyle (D:8)
  Sigmund (D:4)
  Eustachio (D:4)
  A steam dragon (D:7)
  A water moccasin (Sewer)
  An ice beast (D:5)
  6 orc warriors
  3 ogres
  7 centaurs
  2 big kobolds
  3 bullfrogs
  A scorpion (D:6)
  5 wights (D:6)
  11 killer bees
  A howler monkey (D:4)
  A bullfrog zombie (D:7)
  A jelly (D:8)
  A bullfrog skeleton (D:7)
  9 orc wizards
  4 orc priests
  Terence (D:2)
  An iguana (D:5)
  5 worker ants
  A hound zombie (D:8)
  A hound skeleton (D:9)
  A worker ant zombie (D:8)
  10 gnolls
  9 adders
  A white imp (D:7)
  An ooze (D:1)
  3 adder skeletons
  6 worms
  2 dart slugs (D:1)
  A leopard gecko (D:3)
  42 orcs
  15 bats
  7 giant cockroaches
  11 goblins
  13 hobgoblins
  7 jackals
  14 kobolds
  6 quokkas
  2 ball pythons
  11 frilled lizards
  A jackal skeleton (D:4)
  A leopard gecko skeleton (D:6)
  A quokka zombie (D:6)
  8 rats
245 creatures vanquished.

Notes
Turn   | Place    | Note
-------+----------+-------------------------------------------
     0 | D:1      | sking99 the Demonspawn Fighter began the quest for the Orb.
     0 | D:1      | Reached XP level 1. HP: 18/18 MP: 1/1
   207 | D:1      | Gained mutation: You have sharp toenails. [demonic
                  | ancestry]
   207 | D:1      | Reached XP level 2. HP: 24/24 MP: 2/2
   356 | D:1      | Gained mutation: You have sharp fingernails. [demonic
                  | ancestry]
   356 | D:1      | Reached XP level 3. HP: 27/29 MP: 3/3
  1166 | D:2      | Gained mutation: You have very sharp fingernails. [demonic
                  | ancestry]
  1166 | D:2      | Reached XP level 4. HP: 27/35 MP: 4/4
  1572 | D:1      | Reached skill level 1 in Unarmed Combat
  1804 | D:2      | Gained mutation: Your flesh is cold resistant. (rC+)
                  | [demonic ancestry]
  1804 | D:2      | Reached XP level 5. HP: 9/41 MP: 5/5
  2138 | D:2      | Found a faded altar of an unknown god.
  2370 | D:2      | Noticed Terence
  2377 | D:2      | Killed Terence
  2378 | D:2      | Reached skill level 2 in Unarmed Combat
  2606 | D:2      | Became a worshipper of Warmaster Okawaru
  2606 | D:2      | Reached * piety under Okawaru
  2813 | D:3      | Noticed antidepressant22's ghost (weakling MiBe)
  2817 | D:3      | Found a runed translucent door.
  3280 | D:3      | Found a stormy altar of Qazlal.
  3291 | D:3      | Reached skill level 1 in Invocations
  3675 | D:4      | Reached XP level 6. HP: 33/39 MP: 3/6
  3689 | D:4      | HP: 1/39 [orc wizard/+2 dagger of pain (2)]
  3693 | D:4      | Reached skill level 3 in Unarmed Combat
  4404 | D:4      | Noticed Sigmund
  4417 | D:4      | Killed Sigmund
  4418 | D:4      | Reached XP level 7. HP: 28/53 MP: 6/9
  4644 | D:4      | Reached skill level 4 in Unarmed Combat
  4790 | D:4      | Noticed Eustachio
  4798 | D:4      | Killed Eustachio
  4798 | D:4      | Reached ** piety under Okawaru
  4901 | D:5      | Entered Level 5 of the Dungeon
  4964 | D:5      | Found a glowing drain.
  4985 | Sewer    | Entered a sewer
  5330 | D:5      | Reached skill level 5 in Shields
  5330 | D:5      | Reached skill level 5 in Unarmed Combat
  5330 | D:5      | Gained mutation: You are immune to freezing clouds.
                  | [demonic ancestry]
  5330 | D:5      | Reached XP level 8. HP: 20/61 MP: 7/11
  6812 | D:6      | Reached skill level 5 in Fighting
  6836 | D:6      | Reached skill level 5 in Invocations
  6967 | D:6      | Reached skill level 6 in Unarmed Combat
  7505 | D:6      | Found a staircase to the Ecumenical Temple.
  7567 | D:6      | Noticed Blork the orc
  7578 | D:6      | Found a shimmering blue altar of Sif Muna.
  7677 | D:6      | Found Leybleor's Gadget Emporium.
  7686 | D:6      | Gained mutation: You have razor-sharp toenails. [demonic
                  | ancestry]
  7686 | D:6      | Reached XP level 9. HP: 68/68 MP: 12/12
  8239 | D:7      | Reached skill level 1 in Evocations
  8410 | D:7      | Reached *** piety under Okawaru
  8576 | D:7      | Reached skill level 7 in Unarmed Combat
  8921 | D:7      | Found a shimmering blue altar of Sif Muna.
  9034 | D:7      | Found a sacrificial altar of Ru.
  9363 | D:7      | Identified the +4 ring mail "Aveidudd" {Str+4 Int+2}
  9495 | D:8      | Noticed a gargoyle
  9553 | D:8      | Killed a gargoyle
  9665 | D:8      | Noticed a two-headed ogre
  9672 | D:8      | Killed a two-headed ogre
  9673 | D:8      | Reached skill level 8 in Unarmed Combat
  9673 | D:8      | Gained mutation: You are partially covered in sharp spines.
                  | [demonic ancestry]
  9673 | D:8      | Reached XP level 10. HP: 74/77 MP: 10/13
  9744 | D:8      | Noticed Psyche
  9752 | D:8      | Killed Psyche
 10207 | D:9      | Found a flagged portal.
 10220 | Bailey   | Entered a bailey
 10416 | Bailey   | HP: 3/79 [orc warrior/+0 glaive (17)]
 10439 | Bailey   | Slain by an orc warrior

Illustrated notes

Levels and vault maps discovered:
D:1:      minmay_arrival_five_plusses, layout_basic, minmay_misc_feat_ornament
D:2:      layout_basic, chequers_ecumenical_altar_simple_redux,
          minmay_misc_feat_chi, uniq_terence
D:3:      layout_loops_ring, hellmonk_ghost_happy_afterlife, lemuel_tele_altar
D:4:      layout_cave_pools, dk_rats_in_the_wall, uniq_eustachio, uniq_sigmund
D:5:      layout_basic, portal_sewer_entry_c
D:6:      layout_loops_ring, minmay_temple_entry_wispy, serial_shops,
          nicolae_shop_crystal, tgw_sif
D:7:      layout_layer_cave, general_overflow_altar, basic_altar,
          chequers_serial_rivers_small_3
D:8:      minmay_chambers_of_sixes, layout_rooms, grunt_decor_resistance,
          uniq_psyche
D:9:      layout_basic, enter_bailey_3
Bailey:   bailey_polearm_5, bailey

Skill      XL: |  1  2  3  4  5  6  7  8  9 10 |
---------------+-------------------------------+-----
Axes           | 2 3 |  3.5
Shields        | 3 4 5 6 7 |  7.0
Unarmed Combat | 1 2 3 5 6 8 |  8.6
Invocations    | 1 2 4 5 |  5.0
Fighting       | 4 5 6 7 |  7.0
Armour         | 4 |  4.8
Evocations     | 3 |  3.7

Action                   |  1- 3 |  4- 6 |  7- 9 | 10-12 || total
-------------------------+-------+-------+-------+-------++-------
Melee: War axe           |    69 |    49 |       |       ||   118
       Kick              |    14 |    51 |    69 |    18 ||   152
       Unarmed           |       |   120 |   319 |    87 ||   526
Invok: Heroism           |       |     2 |    17 |     5 ||    24
  Use: Scroll            |       |     6 |     7 |       ||    13
       Potion            |       |     1 |       |     3 ||     4
Armor: Scale mail        |    34 |    61 |    36 |       ||   131
       Chain mail        |       |       |    70 |    35 ||   105
Dodge: Dodged            |    23 |    61 |    60 |    27 ||   171
Block: Kite shield       |    30 |    94 |   173 |    92 ||   389
